 Dungeon Crawl Stone Soup version 0.28.0-1-gb440e238dd (webtiles) character file.

Game seed: 17928024233920388609

25463 hikkokomori the Geomancer (level 13, -1/74 HPs)
             Began as a Gargoyle Earth Elementalist on Feb 20, 2022.
             Was a High Priest of Vehumet.
             Engulfed by a ghost crab's spectral mist (15 damage)
             ... on level 4 of the Lair of Beasts.
             The game lasted 00:45:10 (16999 turns).

hikkokomori the Geomancer (GrEE)                   Turns: 16999, Time: 00:45:11

Health: -1/74      AC: 23    Str: 17    XL:     13   Next: 19%
Magic:  0/22       EV:  9    Int: 23    God:    Vehumet [*****.]
Gold:   731        SH: 23    Dex: 10    Spells: 3/24 levels left

rFire   + . .      SeeInvis .   G - +7 spear "Kailop" {spect, Str+4}
rCold   + . .      Faith    .   p - +2 tower shield {rF+}
rNeg    + . .      Spirit   .   F - +0 steam dragon scales
rPois   ∞          Reflect  +   K - +1 hat {Int+3}
rElec   +          Harm     .   t - +0 cloak
rCorr   .          Rampage  .   (no gloves)
Will    .....                   b - +2 pair of boots
Stlth   ++........              N - amulet of reflection
HPRegen 0.22/turn               y - +4 ring of protection
MPRegen 0.18/turn               k - ring of protection from cold

@: about to teleport
A: sickness immunity, AC +9, negative energy resistance 1, electricity
resistance, torment resistance 1, petrification resistance
a: Renounce Religion


You were on level 4 of the Lair of Beasts.
You worshipped Vehumet.
Vehumet was extremely pleased with you.
You visited 2 branches of the dungeon, and saw 13 of its levels.
You also visited: Sewer.

You collected 858 gold pieces.
You spent 127 gold pieces at shops.

Inventory:

Hand Weapons
 e - a +0 club
 n - a +0 mace
 r - a +2 war axe of flaming
 s - a +3 mace
 u - a +3 mace of protection
 G - the +7 spear "Kailop" (weapon) {spect, Str+4}
   (You found it on level 8 of the Dungeon)

   When its wielder attacks, the weapon's spirit leaps out and strikes again.
   The spirit shares a part of any damage it takes with its wielder.
   Str:       It affects your strength (+4).
Missiles
 c - 276 stones
 o - 36 poisoned darts
Armour
 b - a +2 pair of boots (worn)
 p - a +2 tower shield of fire resistance (worn)
 t - a +0 cloak (worn)
 F - +0 steam dragon scales (worn)
 I - a +0 leather armour of cold resistance
 K - a +1 hat of intelligence (worn)
Jewellery
 k - a ring of protection from cold (right hand)
 y - a +4 ring of protection (left hand)
 N - an amulet of reflection (around neck)
Wands
 d - a wand of charming (11)
 J - a wand of polymorph (13)
 Q - a wand of flame (7)
 S - a wand of paralysis (5)
Scrolls
 g - a scroll of noise {unknown}
 l - 2 scrolls of immolation
 q - 5 scrolls of teleportation
 x - 4 scrolls of fear
 z - 2 scrolls of fog
 A - a scroll of summoning {unknown}
 D - 2 scrolls of magic mapping
 E - 2 scrolls of enchant weapon
 H - 2 scrolls of amnesia {unknown}
 O - a scroll of blinking {unknown}
 P - a scroll of torment {unknown}
Potions
 a - 2 potions of heal wounds
 f - a potion of ambrosia {unknown}
 h - 2 potions of magic
 i - 2 potions of invisibility
 j - 5 potions of curing
 m - 2 potions of lignification
 v - 4 potions of brilliance
 w - 5 potions of haste
 B - 2 potions of might
 C - 2 potions of mutation
 M - 2 potions of cancellation
 R - a potion of resistance
 T - a potion of degeneration {unknown}
Miscellaneous
 L - a lightning rod (inert)


   Skills:
 - Level 6.0 Fighting
 - Level 1.5 Dodging
 - Level 2.1 Stealth
 + Level 12.3 Shields
 - Level 6.4 Spellcasting
 + Level 9.9 Conjurations
 + Level 6.6 Necromancy
 - Level 5.2 Transmutations
 + Level 12.5 Earth Magic


You had 3 spell levels left.
You knew the following spells:

 Your Spells              Type           Power      Damage    Failure   Level
a - Sandblast             Erth           100%       2d20      1%          1
b - Passwall              Tmut/Erth      40%        N/A       1%          2
c - Stone Arrow           Conj/Erth      100%       3d13      1%          3
d - Freeze                Ice            28%        1d5       11%         1
e - Iskenderun's Mystic   Conj/Tloc      30%        2d8       13%         4
f - Borgnjor's Vile Clut  Necr/Erth      25%        N/A       22%         5
g - Irradiate             Conj/Tmut      21%        3d20      13%         5

Your spell library contained the following spells:

 Spells                   Type           Power      Damage    Failure   Level
 Foxfire                  Conj/Fire      100%       2x1d9     1%          1
 Shock                    Conj/Air       100%       1d9       1%          1
 Animate Skeleton         Necr           74%        N/A       2%          1
 Pain                     Necr           100%       1d9       2%          1
 Conjure Flame            Conj/Fire      30%        6-21      4%          3
 Inner Flame              Hex/Fire       7%         N/A       28%         3
 Apportation              Tloc           14%        N/A       36%         1
 Summon Small Mammal      Summ           28%        N/A       36%         1
 Swiftness                Air            7%         N/A       75%         3
 Tukima's Dance           Hex            7%         N/A       75%         3
 Petrify                  Tmut/Erth      48%        N/A       11%         4
 Flame Wave               Conj/Fire      30%        2d8       13%         4
 Agony                    Necr           37%        N/A       56%         5
 Excruciating Wounds      Necr           18%        N/A       56%         5
 Airstrike                Air            3%         N/A       65%         4
 Anguish                  Hex/Necr       11%        N/A       69%         4
 Alistair's Intoxication  Tmut/Pois      12%        N/A       98%         5
 Eringya's Noxious Bog    Tmut/Pois      9%         N/A       99%         6
 Enfeeble                 Hex            3%         N/A       100%        7


Dungeon Overview and Level Annotations

Branches:
Dungeon (10/15)            Temple (0/1) D:6            Lair (2/6) D:9
  Snake (0/4) Lair:2          Orc (0/2) D:9           Sewer (visited)
  Swamp: Lair:2-4    Shoals: Lair:2-4

Altars:
Ashenzari
Cheibriados
Dithmenos
Makhleb
Nemelex Xobeh
Okawaru
Qazlal
Sif Muna
Trog
Vehumet
Wu Jian

Shops:
D:2 [==   D:4 (

Annotations:
D:10 Erolcha


Innate Abilities, Weirdness & Mutations

You are immune to sickness and miasma.
Your stone body is resilient. (AC +9)
You are immune to poison.
You resist negative energy. (rN+)
You are resistant to electric shocks. (rElec)
You are resistant to unholy torment.
You are immune to petrification.


Message History

Casting: Stone Arrow (safe; 1% risk of failure)
Confirm with . or Enter, or press ? or * to list all spells.
Aiming: Stone Arrow (safe; 1% risk of failure)
Press: ? - help, Shift-Dir - straight line, f/p - ghost crab
Aim: a ghost crab (heavily damaged, 89% to hit)
The stone arrow hits the ghost crab!
The ghost crab is severely damaged.
You are engulfed in spectral mist.
You block the ghost crab's attack. The ghost crab closely misses you.
You block the spectral six-headed hydra's attack.
The spectral six-headed hydra bites you but does no damage.
You block the spectral six-headed hydra's attack.
The spectral six-headed hydra misses you.
You block the spectral six-headed hydra's attack.
The spectral six-headed hydra bites you but does no damage.
You puncture the ghost crab!
The ghost crab is severely damaged.
You are engulfed in spectral mist.
You block the ghost crab's attack. x2
The spectral six-headed hydra bites you but does no damage.
The spectral six-headed hydra bites you!
* * * LOW HITPOINT WARNING * * *
The spectral six-headed hydra barely misses you.
You block the spectral six-headed hydra's attack.
The spectral six-headed hydra bites you but does no damage. x2
Unknown command.
As you read the scroll of teleportation, it crumbles to dust.
You feel strangely unstable.
You are engulfed in spectral mist.
The ghost crab breathes spectral mist at you.
The spectral mist engulfs you but does no damage.
You block the spectral six-headed hydra's attack. x2
The spectral six-headed hydra bites you.
* * * LOW HITPOINT WARNING * * *
The spectral six-headed hydra bites you but does no damage.
You block the spectral six-headed hydra's attack.
The spectral six-headed hydra bites you.
* * * LOW HITPOINT WARNING * * *
You hit the ghost crab but do no damage.
The ghost crab is severely damaged.
You are engulfed in spectral mist.
You die...

#..............# ###
#.############.########.#
#.# .÷..t...#.#.......####
#.# #☼#.#.####...#.# #.#
#t#.#.###....... #.#
#§#.#.##..#.#... #.#
#○#.#...........
#.##########§#.#..)....####
#..Z°°°ZZZ@t§#.##.########
##############'#..#####.P##
#######..##.............
###.#..#.#.P.)..P..###..##
##...............#### ###.#
#..##....#....#### ###
##.####.#.#..## #######
##..# ####....###.#..P####
#...## ##..............##


You could see a ghost crab, a spectral komodo dragon (summoned), a spectral
black mamba (summoned), a spectral six-headed hydra (summoned) and a spectral
rime drake (summoned).

Vanquished Creatures
  Gastronok (D:8)
  An entropy weaver (Lair:4)
  2 hydras
  A ghost crab (Lair:4)
  The ghost of Ohueghuq the Fighter, a novice DrCA of Ignis (Lair:1)
  A two-headed ogre (D:6)
  5 fire crabs (Lair:4)
  An ugly thing (D:8)
  Maurice (D:10)
  7 black mambas (Lair:2)
  Joseph (D:7)
  6 cane toads
  5 komodo dragons
  15 blink frogs
  Prince Ribbit (D:5)
  A wraith (D:9)
  2 wyverns
  Sigmund (D:3)
  8 yaks
  2 basilisks
  2 steam dragons
  Grum (D:8)
  2 acid dragons
  11 water moccasins
  2 sky beasts (D:7)
  6 orc warriors
  2 black bears
  An ice beast (D:7)
  A necrophage (D:4)
  3 centaurs
  8 wolves
  A phantom (D:7)
  5 kobold brigands
  8 bullfrogs
  A scorpion (D:6)
  2 gnoll sergeants
  2 wyvern skeletons
  7 killer bees (D:9)
  9 wights
  A howler monkey (D:8)
  2 hounds
  2 jellies
  2 bullfrog skeletons (D:6)
  A centaur zombie (D:5)
  3 orc priests
  2 gnoll shamans
  Crazy Yiuf (D:3)
  Jessica (D:3)
  2 centaur skeletons (D:7)
  2 iguanas
  5 orc wizards
  A hound skeleton (D:4)
  A howler monkey zombie (D:9)
  8 adders
  14 gnolls
  8 river rats
  A white imp (D:7)
  An ufetubus (D:5)
  A dart slug (D:1)
  42 orcs
  9 endoplasms
  5 giant cockroaches
  10 goblins
  4 hobgoblins
  5 jackals (Sewer)
  11 ball pythons
  5 bats
  6 frilled lizards
  26 kobolds
  8 rats
327 creatures vanquished.

Vanquished Creatures (others)
  A killer bee (D:9)
  13 fungi
  42 plants
56 creatures vanquished.

Grand Total: 383 creatures vanquished

Notes
Turn   | Place    | Note
-------+----------+-------------------------------------------
     0 | D:1      | hikkokomori the Gargoyle Earth Elementalist began the quest
                  | for the Orb.
     0 | D:1      | Reached XP level 1. HP: 10/10 MP: 3/3
   300 | D:1      | Reached XP level 2. HP: 7/15 MP: 0/5
   512 | D:1      | Found a faded altar of an unknown god.
  1364 | D:2      | Reached XP level 3. HP: 19/19 MP: 4/6
  1404 | D:2      | Found Ykhlekh's Jewellery Shoppe.
  1495 | D:2      | Found a sparkling altar of Nemelex Xobeh.
  1530 | D:2      | Found Vaumoarph's Jewellery Shop.
  1815 | D:2      | Found Xened's Antique Armour Boutique.
  1980 | D:3      | Noticed Jessica
  1986 | D:3      | Reached XP level 4. HP: 24/24 MP: 5/8
  1993 | D:3      | Killed Jessica
  1994 | D:3      | Reached skill level 5 in Earth Magic
  2695 | D:2      | Bought a shiny tower shield for 127 gold pieces
  2721 | D:2      | Learned a level 2 spell: Passwall
  2725 | D:2      | Learned a level 3 spell: Stone Arrow
  2733 | D:3      | Found an ornate altar of the Wu Jian Council.
  2746 | D:3      | Reached XP level 5. HP: 28/28 MP: 10/10
  2758 | D:3      | Noticed Sigmund
  2812 | D:3      | Killed Sigmund
  2813 | D:3      | Reached skill level 1 in Shields
  2813 | D:3      | Reached skill level 1 in Conjurations
  2813 | D:3      | Reached XP level 6. HP: 29/32 MP: 6/11
  2852 | D:3      | Found a radiant altar of Vehumet.
  3094 | D:3      | Found a shadowy altar of Dithmenos.
  3132 | D:3      | Found a broken altar of Ashenzari.
  3483 | D:3      | Found a runed translucent door.
  3484 | D:3      | Noticed Crazy Yiuf
  3494 | D:3      | Killed Crazy Yiuf
  3707 | D:3      | Became a worshipper of Vehumet
  4212 | D:4      | Found Togam's Antique Weapon Shop.
  4476 | D:4      | Noticed a black bear
  4482 | D:4      | Killed a black bear
  4483 | D:4      | Reached XP level 7. HP: 36/36 MP: 8/13
  4994 | D:5      | Entered Level 5 of the Dungeon
  5121 | D:5      | Found a bloodstained altar of Trog.
  5156 | D:5      | Reached * piety under Vehumet
  5156 | D:5      | Offered knowledge of Freeze by Vehumet.
  5192 | D:5      | Found a glowing drain.
  5202 | D:5      | Learned a level 1 spell: Freeze
  5234 | Sewer    | Entered a sewer
  5628 | Sewer    | Reached ** piety under Vehumet
  5782 | Sewer    | Offered knowledge of Foxfire by Vehumet.
  5783 | Sewer    | Reached XP level 8. HP: 29/41 MP: 9/15
  6281 | D:5      | Reached skill level 5 in Spellcasting
  6489 | D:5      | Noticed Prince Ribbit
  6493 | D:5      | Killed Prince Ribbit
  6854 | D:6      | HP: 2/41 [orc warrior (4)]
  7569 | D:6      | Reached skill level 5 in Shields
  7569 | D:6      | Reached skill level 5 in Conjurations
  7794 | D:6      | Reached XP level 9. HP: 45/45 MP: 4/17
  7819 | D:6      | Found a staircase to the Ecumenical Temple.
  7920 | D:6      | Noticed a two-headed ogre
  7927 | D:6      | Killed a two-headed ogre
  8053 | D:6      | Found a stormy altar of Qazlal.
  8400 | D:7      | Reached skill level 1 in Fighting
  8478 | D:7      | Found a burning altar of Makhleb.
  8523 | D:7      | Noticed Joseph
  8532 | D:7      | Killed Joseph
  8532 | D:7      | Offered knowledge of Searing Ray by Vehumet.
  8786 | D:7      | Reached XP level 10. HP: 54/54 MP: 11/19
  8892 | D:7      | Reached *** piety under Vehumet
  9615 | D:8      | Noticed a brown ugly thing
  9776 | D:8      | Killed a brown ugly thing
  9777 | D:8      | Reached skill level 10 in Earth Magic
  9821 | D:8      | Noticed Grum
  9840 | D:8      | Killed Grum
  9851 | D:8      | Offered knowledge of Iskenderun's Mystic Blast by Vehumet.
  9857 | D:8      | Learned a level 4 spell: Iskenderun's Mystic Blast
 10066 | D:8      | Found an iron altar of Okawaru.
 10066 | D:8      | Found a snail-covered altar of Cheibriados.
 10067 | D:8      | Found a shimmering blue altar of Sif Muna.
 10080 | D:8      | Noticed Gastronok
 10663 | D:8      | Identified the +7 spear "Kailop" {spect, Str+4}
 10817 | D:8      | Killed Gastronok
 10818 | D:8      | Reached skill level 5 in Fighting
 11202 | D:9      | Reached XP level 11. HP: 52/64 MP: 17/20
 11685 | D:9      | Found a staircase to the Orcish Mines.
 11701 | D:9      | Reached **** piety under Vehumet
 11756 | D:9      | Offered knowledge of Frozen Ramparts by Vehumet.
 11763 | D:9      | Learned a level 5 spell: Borgnjor's Vile Clutch
 12201 | D:9      | Found a staircase to the Lair.
 12564 | D:9      | Reached skill level 1 in Necromancy
 12644 | D:10     | Entered Level 10 of the Dungeon
 12724 | D:10     | Noticed Maurice
 12729 | D:10     | Killed Maurice
 12792 | D:10     | Reached ***** piety under Vehumet
 12792 | D:10     | Offered knowledge of Irradiate by Vehumet.
 12912 | D:10     | Noticed Erolcha
 12957 | Lair:1   | Entered Level 1 of the Lair of Beasts
 12964 | Lair:1   | Learned a level 5 spell: Irradiate
 12973 | Lair:1   | Reached skill level 1 in Transmutations
 13289 | Lair:1   | Noticed a four-headed hydra
 13295 | Lair:1   | Killed a four-headed hydra
 13423 | Lair:1   | Reached skill level 10 in Shields
 13634 | Lair:1   | Found a runed translucent door.
 13634 | Lair:1   | Noticed Ohueghuq's ghost (novice DrCA)
 14020 | Lair:1   | Killed Ohueghuq's ghost
 14021 | Lair:1   | Reached XP level 12. HP: 67/70 MP: 21/21
 14170 | Lair:2   | Found a staircase to the Snake Pit.
 14279 | Lair:2   | Reached skill level 5 in Necromancy
 14560 | Lair:2   | Reached skill level 5 in Transmutations
 14843 | Lair:2   | You fall into a shaft and drop 2 floors!
 14893 | Lair:4   | Found a runed translucent door.
 15121 | Lair:4   | Noticed an eight-headed hydra
 15127 | Lair:4   | Killed an eight-headed hydra
 16015 | Lair:4   | Reached XP level 13. HP: 32/74 MP: 22/22
 16725 | Lair:4   | Noticed an entropy weaver
 16730 | Lair:4   | Killed an entropy weaver
 16999 | Lair:4   | Engulfed by a ghost crab's spectral mist

Illustrated notes

Levels and vault maps discovered:
D:1:      sevenhm_arrival_forest_fort_small_6, layout_basic,
          hellmonk_ecumenical_altar_crossroads
D:2:      layout_rooms, serial_shops, shop, nicolae_shop_waterfront,
          nicolae_diamond_shop, basic_altar, hex_large
D:3:      layout_basic, grunt_temple_overflow_open,
          nicolae_overflow_hidden_temple, hex_medium, uniq_crazy_yiuf_cottage,
          uniq_jessica, uniq_sigmund
D:4:      layout_basic, serial_shops, shop
D:5:      layout_loops_ring, general_overflow_altar, portal_sewer_entry_e,
          uniq_prince_ribbit1
D:6:      layout_rooms, marbit_many_paths, minmay_temple_entry_junction,
          serial_rivers, chequers_serial_rivers_micro_a,
          chequers_serial_rivers_micro_c, chequers_serial_rivers_micro_b,
          chequers_serial_rivers_marsh
D:7:      layout_basic, mainiacjoe_overflow_24_doors, uniq_joseph
D:8:      layout_loops_ring, gammafunk_temple_overflow_forgotten, uniq_grum,
          uniq_gastronok
D:9:      layout_roguey, david_lair_shrubbed, david_orc_3
D:10:     layout_basic, nicolae_concentric_dashed_squares_wild, corner_web_ring,
          lightli_minifort, uniq_erolcha, uniq_harold, uniq_nergalle,
          uniq_maurice
Lair:1:   layout_big_grid, hellmonk_ghost_happy_afterlife,
          chequers_serial_rivers_micro_d
Lair:2:   layout_chaotic_city, minmay_snake_entry_six_corridors
Lair:4:   gammafunk_mikee_crab_dinner, layout_loops_ring, minivault_24,
          lemuel_fruit_fields

Skill      XL: |  1  2  3  4  5  6  7  8  9 10 11 12 |
---------------+-------------------------------------+-----
Earth Magic    | 4 5 6 7 8 9 10 11 12 | 12.5
Spellcasting   | 3 4 5 6 |  6.4
Shields        | 1 2 3 5 6 8 10 12 | 12.3
Conjurations   | 1 2 3 5 6 8 9 |  9.9
Fighting       | 2 5 6 |  6.0
Necromancy     | 4 6 |  6.6
Transmutations | 3 5 |  5.2
Dodging        | |  1.5
Stealth        | |  2.1

Action                   |  1- 3 |  4- 6 |  7- 9 | 10-12 | 13-15 || total
-------------------------+-------+-------+-------+-------+-------++-------
Melee: Club              |   108 |    24 |       |       |       ||   132
       Unarmed           |     1 |       |       |       |       ||     1
       Mace              |       |    58 |   206 |    74 |       ||   338
       Punch             |       |     3 |     1 |       |       ||     4
       Spear             |       |       |       |   343 |    22 ||   365
 Cast: Sandblast         |    21 |    29 |    53 |    14 |       ||   117
       Passwall          |       |       |     3 |       |       ||     3
       Stone Arrow       |       |       |    44 |    92 |    12 ||   148
       Iskenderun's Myst |       |       |       |     5 |       ||     5
Evoke: Lightning rod     |       |       |       |       |     4 ||     4
       Wand              |       |       |       |       |     1 ||     1
  Use: Scroll            |       |       |    12 |     7 |     2 ||    21
       Potion            |       |       |     1 |     3 |       ||     4
 Stab: Sleeping          |     4 |     1 |     2 |     1 |       ||     8
       Distracted        |       |       |       |     1 |       ||     1
       Paralysed         |       |       |       |       |     4 ||     4
Armor: Robe              |    60 |    53 |   138 |       |       ||   251
       Steam dragon scal |       |       |    14 |   185 |    36 ||   235
Dodge: Dodged            |    87 |    59 |   174 |   152 |    15 ||   487
Block: Tower shield      |       |       |       |   346 |    54 ||   400
